General information
- name: BNet
- type: Ladder team game (AT/RT)
- host: Battle.net
- saver: RICETHEBACKSTAB
map: FullScaleAssault
- players: 8
- length: 44:42
- speed: Fast
- version: 1.26 W3XP
- replay type: Public
» download(274 KB)
Players
team 1 (winner)

»
heghmoh (
yellow | 34 APM | 848 actions | 25:04)
6 Demon Hunter
2 Mana Burn
3 Evasion
1 Metamorphosis
» actions
| Assign group hotkey | 65 | |
| Basic commands | 26 | |
| Build / train | 69 | |
| ESC pressed | 3 | |
| Enter build submenu | 22 | |
| Enter hero's abilities submenu | 6 | |
| Give item / drop item | 1 | |
| Right click | 191 | |
| Select / deselect | 227 | |
| Select group hotkey | 177 | |
| Use ability | 61 | |
848 total
» units
| Wisp | 19 | |
| Archer | 4 | |
| Huntress | 6 | |
| Dryad | 12 | |
| Druid of the Claw | 7 | |
48 total
» upgrades
| Strength of the Moon | 1 | |
| Sentinel | 1 | |
| Abolish Magic | 1 | |
| Strength of the Wild | 3 | |
| Druid of the Claw Training | 2 | |
| Reinforced Hides | 2 | |
| Mark of the Claw | 1 | |
11 total
» buildings
| Altar of Elders | 1 | |
| Moon Well | 8 | |
| Ancient of War | 1 | |
| Hunter's Hall | 1 | |
| Tree of Ages | 1 | |
| Tree of Life | 1 | |
| Ancient of Lore | 2 | |
| Ancient Protector | 4 | |
| Tree of Eternity | 1 | |
20 total
» build order
00:06 Altar of Elders
00:10 Moon Well
00:30 Ancient of War
01:42 Moon Well
01:45 Moon Well
02:24 Hunter's Hall
02:58 Moon Well
05:03 Tree of Ages
06:38 Tree of Life
07:01 Moon Well
07:32 Ancient of Lore
07:36 Ancient of Lore
09:26 Ancient Protector
09:30 Ancient Protector
11:54 Moon Well
11:58 Ancient Protector
12:40 Tree of Eternity
12:55 Moon Well
13:50 Moon Well
15:26 Ancient Protector
» items
Stardust67 (
blue | 51 APM | 1302 actions | 25:35)
4 Mountain King
2 Storm Bolt
2 Thunder Clap
2 Paladin
1 Holy Light
1 Divine Shield
2 Blood Mage
1 Flame Strike
1 Siphon Mana
» actions
| Assign group hotkey | 25 | |
| Build / train | 84 | |
| Enter build submenu | 34 | |
| Enter hero's abilities submenu | 10 | |
| Right click | 503 | |
| Select / deselect | 379 | |
| Select group hotkey | 198 | |
| Use ability | 69 | |
1302 total
» units
| Peasant | 16 | |
| Footman | 3 | |
| Rifleman | 3 | |
| Spell Breaker | 15 | |
| Goblin Shredder | 2 | |
| Priest | 5 | |
| Gryphon Rider | 1 | |
| Knight | 3 | |
48 total
» upgrades
| Swords | 3 | |
| Plating | 3 | |
| Control Magic | 1 | |
| Magic Sentry | 1 | |
| Masonry | 3 | |
| Priest Training | 2 | |
| Armor | 1 | |
| Animal War Training | 1 | |
15 total
» buildings
| Barracks | 2 | |
| Farm | 11 | |
| Altar of Kings | 1 | |
| Blacksmith | 1 | |
| Lumber Mill | 1 | |
| Arcane Vault | 1 | |
| Keep | 1 | |
| Town Hall | 1 | |
| Arcane Sanctum | 3 | |
| Castle | 1 | |
| Scout Tower | 8 | |
| Guard Tower | 4 | |
| Gryphon Aviary | 2 | |
37 total
» build order
00:06 Barracks
00:27 Farm
00:42 Altar of Kings
01:04 Farm
02:03 Blacksmith
02:13 Farm
02:52 Farm
03:01 Lumber Mill
03:46 Arcane Vault
04:14 Keep
04:43 Farm
06:25 Town Hall
06:55 Arcane Sanctum
07:00 Arcane Sanctum
09:21 Castle
10:06 Arcane Sanctum
10:47 Scout Tower
11:16 Guard Tower
11:20 Scout Tower
11:50 Guard Tower
12:48 Farm
13:23 Farm
13:35 Scout Tower
13:49 Farm
15:18 Scout Tower
15:21 Scout Tower
15:24 Scout Tower
15:28 Scout Tower
15:44 Farm
15:47 Farm
15:57 Guard Tower
16:10 Scout Tower
19:06 Guard Tower
19:17 Farm
20:07 Gryphon Aviary
21:42 Gryphon Aviary
23:37 Barracks
» items
| Scroll of Town Portal | 1 | |
| Orb of Fire | 1 | |
| Scroll of Regeneration | 2 | |
4 total
RICETHEBACKSTAB (
red | 64 APM | 2881 actions | 44:42)
8 Archmage
3 Summon Water Elemental
3 Brilliance Aura
1 Mass Teleport
1 Blizzard
1 Mountain King
1 Storm Bolt
1 Paladin
1 Divine Shield
1 Priestess of the Moon
1 Trueshot Aura
» actions
| Assign group hotkey | 145 | |
| Basic commands | 56 | |
| Build / train | 105 | |
| Enter build submenu | 47 | |
| Enter hero's abilities submenu | 11 | |
| Give item / drop item | 9 | |
| Right click | 1451 | |
| Select / deselect | 598 | |
| Select group hotkey | 365 | |
| Use ability | 94 | |
2881 total
» units
| Peasant | 10 | |
| Footman | 7 | |
| Goblin Shredder | 1 | |
| Giant Sea Turtle | 1 | |
| Goblin Zeppelin | 1 | |
| Knight | 19 | |
| Siege Engine | 7 | |
46 total
» upgrades
| Masonry | 3 | |
| Swords | 3 | |
| Barrage | 1 | |
| Animal War Training | 1 | |
| Gunpowder | 3 | |
| Plating | 3 | |
| Armor | 3 | |
| Nature's Blessing | 1 | |
18 total
» buildings
| Altar of Kings | 1 | |
| Barracks | 1 | |
| Farm | 13 | |
| Lumber Mill | 1 | |
| Keep | 3 | |
| Scout Tower | 10 | |
| Arcane Tower | 2 | |
| Castle | 2 | |
| Blacksmith | 2 | |
| Workshop | 2 | |
| Arcane Vault | 2 | |
| Town Hall | 1 | |
| Guard Tower | 8 | |
| Ancient Protector | 12 | |
60 total
» build order
00:06 Altar of Kings
00:09 Barracks
00:12 Farm
01:26 Farm
01:59 Farm
02:45 Lumber Mill
03:09 Farm
03:43 Keep
03:51 Scout Tower
04:38 Arcane Tower
04:38 Arcane Tower
06:09 Castle
06:10 Castle
07:56 Blacksmith
08:43 Workshop
08:44 Workshop
09:43 Arcane Vault
10:21 Town Hall
10:52 Farm
10:56 Farm
10:59 Farm
11:34 Scout Tower
11:35 Scout Tower
12:38 Guard Tower
12:50 Guard Tower
12:50 Guard Tower
13:18 Farm
14:00 Scout Tower
14:01 Scout Tower
14:02 Scout Tower
15:31 Guard Tower
15:51 Blacksmith
16:01 Farm
16:43 Farm
16:43 Farm
16:45 Farm
16:51 Farm
19:11 Scout Tower
19:12 Scout Tower
19:14 Scout Tower
19:15 Scout Tower
20:14 Arcane Vault
20:44 Guard Tower
20:44 Guard Tower
21:15 Guard Tower
21:15 Guard Tower
27:26 Ancient Protector
27:29 Ancient Protector
27:30 Ancient Protector
27:32 Ancient Protector
27:34 Ancient Protector
27:37 Ancient Protector
27:40 Ancient Protector
27:42 Ancient Protector
32:41 Keep
37:44 Ancient Protector
37:47 Ancient Protector
37:49 Ancient Protector
37:51 Ancient Protector
» items
| Boots of Speed | 1 | |
| Staff of Teleportation | 1 | |
| Scroll of Town Portal | 3 | |
| Potion of Healing | 4 | |
| Scroll of Regeneration | 3 | |
| Orb of Fire | 1 | |
13 total

»
disowner (
teal | 56 APM | 1422 actions | 25:30)
4 Priestess of the Moon
2 Searing Arrows
2 Trueshot Aura
» actions
| Assign group hotkey | 22 | |
| Build / train | 81 | |
| Enter build submenu | 21 | |
| Enter hero's abilities submenu | 4 | |
| Right click | 591 | |
| Select / deselect | 331 | |
| Select group hotkey | 315 | |
| Use ability | 57 | |
1422 total
» units
| Wisp | 25 | |
| Archer | 22 | |
| Hippogryph | 12 | |
| Chimaera | 5 | |
64 total
» upgrades
| Strength of the Moon | 3 | |
| Moon Armor | 4 | |
| Improved Bows | 1 | |
| Hippogryph Taming | 1 | |
| Marksmanship | 1 | |
10 total
» buildings
| Moon Well | 8 | |
| Altar of Elders | 1 | |
| Ancient of War | 2 | |
| Tree of Ages | 1 | |
| Hunter's Hall | 2 | |
| Ancient of Wind | 2 | |
| Tree of Life | 1 | |
| Tree of Eternity | 1 | |
| Ancient Protector | 4 | |
| Chimaera Roost | 3 | |
25 total
» build order
00:27 Moon Well
00:40 Altar of Elders
00:55 Ancient of War
01:50 Moon Well
02:11 Moon Well
03:02 Moon Well
03:57 Tree of Ages
04:20 Moon Well
05:04 Hunter's Hall
05:07 Hunter's Hall
05:18 Moon Well
06:28 Ancient of Wind
06:39 Ancient of Wind
06:45 Ancient of War
07:00 Moon Well
11:32 Tree of Life
15:36 Tree of Eternity
15:53 Moon Well
20:50 Ancient Protector
20:56 Ancient Protector
21:19 Ancient Protector
21:24 Ancient Protector
23:08 Chimaera Roost
23:15 Chimaera Roost
23:16 Chimaera Roost
team 2 (loser)
Klepto456 (
green | 17 APM | 720 actions | 42:55)
4 Blood Mage
2 Flame Strike
2 Banish
3 Goblin Tinker
2 Pocket Factory
1 Engineering Upgrade
» actions
| Assign group hotkey | 6 | |
| Basic commands | 24 | |
| Build / train | 89 | |
| Enter build submenu | 20 | |
| Enter hero's abilities submenu | 7 | |
| Right click | 297 | |
| Select / deselect | 222 | |
| Select group hotkey | 16 | |
| Use ability | 39 | |
720 total
» units
| Peasant | 15 | |
| Footman | 4 | |
| Rifleman | 7 | |
| Flying Machine | 17 | |
| Siege Engine | 15 | |
| Mortar Team | 1 | |
| Knight | 4 | |
63 total
» upgrades
| Gunpowder | 3 | |
| Armor | 1 | |
| Long Rifles | 1 | |
| Barrage | 1 | |
| Flak Cannons | 1 | |
| Flying Machine Bombs | 1 | |
| Lumber Harvesting | 2 | |
| Fragmentation Shards | 1 | |
| Flare | 1 | |
| Plating | 1 | |
| Animal War Training | 1 | |
| Swords | 1 | |
15 total
» buildings
| Altar of Kings | 1 | |
| Barracks | 1 | |
| Farm | 12 | |
| Lumber Mill | 1 | |
| Blacksmith | 1 | |
| Keep | 1 | |
| Arcane Vault | 1 | |
| Castle | 1 | |
| Workshop | 2 | |
| Town Hall | 1 | |
22 total
» build order
00:37 Altar of Kings
00:51 Barracks
01:04 Farm
01:22 Lumber Mill
01:52 Farm
02:29 Farm
02:39 Blacksmith
03:10 Farm
03:48 Keep
03:51 Farm
04:02 Arcane Vault
04:36 Farm
05:20 Farm
06:27 Castle
07:34 Workshop
08:56 Workshop
09:20 Farm
12:36 Farm
13:23 Town Hall
15:58 Farm
20:45 Farm
23:56 Farm
hakajow (
orange | 125 APM | 5544 actions | 44:23)
10 Blademaster
3 Wind Walk
3 Critical Strike
1 Bladestorm
3 Mirror Image
9 Tauren Chieftain
3 Endurance Aura
3 War Stomp
2 Reincarnation
1 Shockwave
5 Shadow Hunter
3 Healing Wave
2 Hex
» actions
| Assign group hotkey | 538 | |
| Basic commands | 27 | |
| Build / train | 123 | |
| Enter build submenu | 35 | |
| Enter hero's abilities submenu | 25 | |
| Give item / drop item | 10 | |
| Remove unit from queue | 2 | |
| Right click | 2445 | |
| Select / deselect | 615 | |
| Select group hotkey | 1537 | |
| Use ability | 187 | |
5544 total
» units
| Peon | 15 | |
| Grunt | 7 | |
| Tauren | 5 | |
| Troll Batrider | 13 | |
| Kodo Beast | 1 | |
41 total
» upgrades
| Berserker Strength | 1 | |
| Pillage | 1 | |
| Pulverize | 1 | |
| Reinforced Defenses | 1 | |
| Liquid Fire | 1 | |
| Spirit Walker Training | 1 | |
| Melee Weapons | 1 | |
| Armor | 1 | |
| Ranged Weapons | 1 | |
9 total
» buildings
| Altar of Storms | 1 | |
| Orc Burrow | 8 | |
| Barracks | 2 | |
| Voodoo Lounge | 2 | |
| Stronghold | 1 | |
| War Mill | 1 | |
| Watch Tower | 8 | |
| Fortress | 2 | |
| Great Hall | 1 | |
| Spirit Lodge | 6 | |
| Tauren Totem | 3 | |
| Beastiary | 3 | |
38 total
» build order
00:09 Altar of Storms
00:21 Orc Burrow
00:35 Barracks
01:31 Orc Burrow
01:53 Voodoo Lounge
04:14 Stronghold
04:43 Orc Burrow
05:02 War Mill
05:48 Orc Burrow
06:23 Watch Tower
06:25 Watch Tower
06:43 Watch Tower
07:19 Fortress
07:19 Fortress
08:42 Barracks
09:26 Great Hall
10:49 Spirit Lodge
10:52 Spirit Lodge
11:19 Tauren Totem
11:23 Tauren Totem
11:33 Tauren Totem
12:15 Orc Burrow
12:17 Spirit Lodge
12:20 Spirit Lodge
12:31 Beastiary
12:33 Beastiary
15:38 Watch Tower
15:40 Watch Tower
15:51 Watch Tower
16:22 Orc Burrow
18:50 Orc Burrow
20:11 Watch Tower
20:14 Watch Tower
21:01 Spirit Lodge
21:04 Spirit Lodge
21:45 Orc Burrow
21:47 Voodoo Lounge
24:18 Beastiary
» items
| Healing Salve | 7 | |
| Circlet of Nobility | 7 | |
| Lesser Clarity Potion | 4 | |
| Scroll of Speed | 2 | |
| Orb of Lightning | 2 | |
| Potion of Lesser Invulnerability | 4 | |
| Scroll of Town Portal | 2 | |
| Potion of Mana | 1 | |
| Potion of Healing | 3 | |
| Boots of Speed | 2 | |
| Tome of Retraining | 1 | |
35 total

»
LionheartM (
pink | 29 APM | 1264 actions | 43:30)
8 Beastmaster
3 Summon Bear
3 Summon Hawk
1 Stampede
1 Summon Quilbeast
» actions
| Assign group hotkey | 2 | |
| Basic commands | 58 | |
| Build / train | 118 | |
| Enter build submenu | 25 | |
| Enter hero's abilities submenu | 8 | |
| Give item / drop item | 1 | |
| Remove unit from queue | 2 | |
| Right click | 526 | |
| Select / deselect | 444 | |
| Select group hotkey | 5 | |
| Use ability | 74 | |
1264 total
» units
| Acolyte | 26 | |
| Ghoul | 27 | |
| Crypt Fiend | 19 | |
| Obsidian Statue | 2 | |
| Frost Wyrm | 7 | |
| Goblin Shredder | 1 | |
| Blue Dragon | 1 | |
| Blue Drake | 2 | |
| Gargoyle | 1 | |
86 total
» upgrades
| Creature Attack | 2 | |
| Creature Carapace | 2 | |
| Web | 1 | |
| Freezing Breath | 1 | |
6 total
» buildings
| Ziggurat | 7 | |
| Altar of Darkness | 1 | |
| Crypt | 2 | |
| Nerubian Tower | 4 | |
| Halls of the Dead | 2 | |
| Graveyard | 1 | |
| Tomb of Relics | 1 | |
| Black Citadel | 2 | |
| Slaughterhouse | 1 | |
| Sacrificial Pit | 1 | |
| Boneyard | 2 | |
24 total
» build order
00:11 Ziggurat
00:13 Altar of Darkness
00:17 Crypt
01:02 Nerubian Tower
01:41 Ziggurat
02:47 Halls of the Dead
02:47 Halls of the Dead
03:28 Graveyard
03:34 Tomb of Relics
07:26 Black Citadel
07:26 Black Citadel
07:31 Slaughterhouse
07:34 Sacrificial Pit
07:43 Ziggurat
07:55 Ziggurat
09:20 Nerubian Tower
10:01 Boneyard
10:06 Boneyard
12:43 Crypt
13:07 Ziggurat
13:42 Nerubian Tower
13:44 Nerubian Tower
18:34 Ziggurat
21:04 Ziggurat
» items
| Staff of Teleportation | 1 | |
| Potion of Healing | 2 | |
| Rod of Necromancy | 1 | |
| Scroll of Town Portal | 3 | |
7 total
KNUCKLEHEAD. (
purple | 54 APM | 2402 actions | 44:40)
6 Mountain King
3 Storm Bolt
2 Bash
1 Avatar
1 Paladin
1 Divine Shield
» actions
| Assign group hotkey | 38 | |
| Basic commands | 288 | |
| Build / train | 122 | |
| Enter build submenu | 33 | |
| Enter hero's abilities submenu | 7 | |
| Give item / drop item | 5 | |
| Right click | 652 | |
| Select / deselect | 321 | |
| Select group hotkey | 805 | |
| Use ability | 131 | |
2402 total
» units
| Peasant | 19 | |
| Footman | 5 | |
| Goblin Shredder | 3 | |
| Goblin Zeppelin | 3 | |
| Gryphon Rider | 7 | |
| Flying Machine | 11 | |
48 total
» upgrades
| Masonry | 3 | |
| Lumber Harvesting | 1 | |
| Swords | 2 | |
| Storm Hammers | 1 | |
| Animal War Training | 1 | |
| Armor | 2 | |
| Gunpowder | 2 | |
| Plating | 2 | |
| Flying Machine Bombs | 1 | |
| Flak Cannons | 1 | |
| Barrage | 1 | |
17 total
» buildings
| Altar of Kings | 1 | |
| Barracks | 1 | |
| Farm | 16 | |
| Scout Tower | 61 | |
| Arcane Vault | 2 | |
| Arcane Tower | 2 | |
| Lumber Mill | 1 | |
| Town Hall | 3 | |
| Keep | 1 | |
| Castle | 2 | |
| Gryphon Aviary | 3 | |
| Blacksmith | 1 | |
| Guard Tower | 31 | |
| Workshop | 2 | |
127 total
» build order
00:09 Altar of Kings
00:23 Barracks
00:37 Farm
00:53 Farm
01:34 Farm
01:40 Scout Tower
01:58 Arcane Vault
02:19 Arcane Tower
03:07 Farm
03:24 Lumber Mill
04:20 Town Hall
04:22 Scout Tower
04:23 Scout Tower
04:26 Scout Tower
04:56 Keep
07:14 Scout Tower
07:15 Scout Tower
07:16 Scout Tower
07:16 Scout Tower
07:17 Scout Tower
07:18 Scout Tower
07:21 Castle
07:29 Gryphon Aviary
07:32 Gryphon Aviary
08:03 Blacksmith
08:10 Guard Tower
08:39 Guard Tower
08:40 Guard Tower
08:41 Guard Tower
09:26 Farm
09:26 Farm
09:26 Farm
09:27 Farm
09:27 Farm
09:28 Farm
09:28 Farm
09:28 Farm
09:29 Farm
09:31 Farm
10:11 Farm
10:50 Scout Tower
10:51 Scout Tower
10:51 Scout Tower
10:51 Scout Tower
10:52 Scout Tower
10:52 Scout Tower
10:53 Scout Tower
10:53 Scout Tower
10:54 Scout Tower
10:56 Scout Tower
10:58 Scout Tower
10:59 Scout Tower
10:59 Scout Tower
10:59 Scout Tower
10:59 Scout Tower
11:53 Guard Tower
11:53 Guard Tower
12:24 Guard Tower
12:24 Guard Tower
12:41 Gryphon Aviary
12:48 Guard Tower
12:49 Guard Tower
13:21 Guard Tower
13:25 Guard Tower
13:25 Guard Tower
14:00 Scout Tower
14:00 Scout Tower
14:01 Scout Tower
16:22 Town Hall
16:26 Scout Tower
16:26 Scout Tower
16:26 Scout Tower
16:27 Scout Tower
16:27 Scout Tower
16:28 Scout Tower
16:28 Scout Tower
16:28 Scout Tower
16:29 Scout Tower
16:30 Scout Tower
16:30 Scout Tower
16:31 Scout Tower
16:31 Scout Tower
16:33 Scout Tower
16:33 Scout Tower
16:34 Scout Tower
17:02 Guard Tower
17:35 Guard Tower
18:04 Guard Tower
18:30 Guard Tower
19:05 Town Hall
19:07 Scout Tower
19:08 Scout Tower
19:09 Scout Tower
19:09 Scout Tower
19:11 Scout Tower
19:11 Scout Tower
19:12 Scout Tower
19:12 Scout Tower
19:13 Scout Tower
19:40 Guard Tower
19:45 Guard Tower
19:46 Guard Tower
20:10 Guard Tower
20:18 Workshop
20:20 Workshop
20:30 Guard Tower
21:16 Scout Tower
21:16 Scout Tower
21:17 Scout Tower
21:30 Guard Tower
21:30 Guard Tower
21:37 Arcane Vault
21:45 Guard Tower
21:45 Guard Tower
23:38 Guard Tower
23:38 Guard Tower
24:32 Scout Tower
24:32 Scout Tower
24:33 Scout Tower
24:33 Scout Tower
29:09 Guard Tower
» items
| Scroll of Regeneration | 1 | |
| Rod of Necromancy | 1 | |
| Potion of Lesser Invulnerability | 2 | |
| Staff of Teleportation | 2 | |
| Scroll of Town Portal | 6 | |
12 total
Chat log
(00:23 / Allies) heghmoh: bear dryad
(00:29 / Allies) disowner: aa
(01:03 / Allies) RICETHEBACKSTAB: knight/tank
(01:14 / Allies) Stardust67: breakers
(06:08 / Allies) Stardust67: thanx for destroying
(06:12 / Allies) RICETHEBACKSTAB: no prob
(06:21 / Allies) RICETHEBACKSTAB: it was just a prot ring +2
(06:36 / Allies) Stardust67: and your just a twat, no biggie
(07:53 / Allies) disowner: OJ
(10:39 / Allies) disowner: 1 min
(12:06 / Allies) heghmoh: attack
(15:26 / All) LionheartM: ass hole
(16:46 / Allies) heghmoh: tp now
(18:34 / Allies) Stardust67: help
(18:36 / Allies) RICETHEBACKSTAB: no
(18:41 / Allies) RICETHEBACKSTAB: you called me a twat
(18:43 / Allies) RICETHEBACKSTAB: go kill yourself, faggot
(18:46 / Allies) heghmoh: stop bickering
(18:51 / Allies) heghmoh: grow up
(19:40 / Allies) disowner: haaaaa
(20:09 / Allies) heghmoh: ready?
(20:12 / Allies) disowner: yah
(21:50 / Allies) heghmoh: red?
(22:44 / Allies) disowner: fckn aa
(22:46 / Allies) disowner: way to much
(23:57 / Allies) heghmoh: red?
(24:04 / Allies) disowner: fck him
(24:35 / Allies) disowner: tryin to get chims to hurt those tanks
(24:45 / Allies) Stardust67: ...................
(25:07 / All) disowner: gg
(25:12 / All) RICETHEBACKSTAB: gg
(25:15 / All) RICETHEBACKSTAB: you niggers lost
(25:15 / All) LionheartM: ass hole
(25:16 / Allies) disowner: all they have is aa haha shitttt
(31:39 / All) RICETHEBACKSTAB: get the fuck out niggers
(31:40 / All) RICETHEBACKSTAB: you lost
(37:23 / All) RICETHEBACKSTAB: oj, leave faggot
(37:25 / All) RICETHEBACKSTAB: you lost
(43:36 / All) KNUCKLEHEAD.: leave faggot orange
(43:40 / All) RICETHEBACKSTAB: oj, gtfo
(43:42 / All) RICETHEBACKSTAB: kill yourself
(43:46 / All) RICETHEBACKSTAB: and do the world a favour
(44:29 / All) KNUCKLEHEAD.: i leave?
(44:31 / All) RICETHEBACKSTAB: yes